 Dungeon Crawl Stone Soup version 0.28-a0-691-gad6df49e81 (webtiles) character file.

Game seed: 7089031337909786855

23 spiderkeys the Skirmisher (level 2, 0/16 HPs)
             Began as a Vine Stalker Abyssal Knight on Oct 21, 2021.
             Was a Follower of Lugonu.
             Slain by a ball python (2 damage)
             ... on level 2 of the Dungeon.
             The game lasted 00:02:05 (1151 turns).

spiderkeys the Skirmisher (VSAK)                    Turns: 1151, Time: 00:02:05

Health: 0/16       AC:  3    Str: 21    XL:     2   Next: 95%
Magic:  0/4        EV: 11    Int: 10    God:    Lugonu [*.....]
Gold:   932        SH:  0    Dex: 14    Spells: 1/1 levels left

rFire   . . .      SeeInvis .   a - +1 short sword
rCold   . . .      Faith    +   (no shield)
rNeg    . . .      Spirit   +   b - +0 leather armour
rPois   .          Reflect  .   (no helmet)
rElec   .          Harm     .   (no cloak)
rCorr   .          Rampage  .   (no gloves)
Will    .....                   (no boots)
Stlth   +.........              T - amulet of faith {!P}
HPRegen 0.05/turn               S - +6 ring of strength
MPRegen 0.09/turn               (no ring)

@: no status effects
A: fangs 2, magic shield, antimagic bite, no potion heal 2
a: Renounce Religion, Depart the Abyss


You were on level 2 of the Dungeon.
You worshipped Lugonu.
Lugonu was aware of your devotion.
You visited 1 branch of the dungeon, and saw 2 of its levels.
You visited the Abyss 1 time.

You collected 932 gold pieces.


Innate Abilities, Weirdness & Mutations

You have extremely sharp teeth.
When hurt, damage is shared between your health and your magic reserves.
Your bite disrupts and absorbs the magic of your enemies.
Potions cannot restore your health.


   Skills:
 + Level 3.0 Fighting
 + Level 2.1 Short Blades
 - Level 1.5 Armour
 + Level 1.3 Dodging
 + Level 2.1 Invocations


You had one spell level left.
You didn't know any spells.
Your spell library contained the following spells:

 Spells                   Type           Power      Damage    Failure   Level
 Ensorcelled Hibernation  Hex/Ice        0%         N/A       54%         2
 Tukima's Dance           Hex            0%         N/A       78%         3

Inventory:

Hand Weapons
 a - a +1 short sword (weapon)
Missiles
 g - 11 sling bullets
 k - 41 arrows
Armour
 b - a +0 leather armour (worn)
Jewellery
 S - a +6 ring of strength (left hand)
   (You found it on level 2 of the Dungeon)
 T - an amulet of faith (around neck) {!P}
   (You found it on level 2 of the Abyss)
Wands
 f - a wand of flame (14)
   (You found it on level 2 of the Abyss)
Scrolls
 d - a scroll of amnesia
 i - a scroll of teleportation {unknown}
Potions
 c - a potion of lignification {unknown}
 e - a potion of curing {unknown}
 h - a potion of haste {unknown}
 j - a potion of flight {unknown}

Dungeon Overview and Level Annotations

Branches:
Dungeon (2/15)

Altars:

...............
...............:
................
................
>...............
..$..
.#.............. ....
.. #........... .#<#
.# ###.S@....... ...
##.# #........####
..# #..# #........#
..# ##.####.$......#
..####..##..........#
<..........#####.####
.....#.##### #.#
...)##.# #.# .......#
.#


You could see a ball python.


Message History

No target in view!
A goblin is nearby!
Found a stone staircase leading up. 😕 HP[+1]
You hit the goblin. The goblin closely misses you.
You hit the goblin.
You kill the goblin!
Lugonu accepts your kill.
You can now depart the Abyss.
S - a +6 ring of strength 😎 HP[+1]
Your hp is fully restored (16).
Found a stone staircase leading down.
A giant cockroach comes into view.
You feel stronger.
S - a +6 ring of strength (left hand) Really put on
T - an amulet of faith {!P}?
You start putting on your amulet.
You continue putting on your amulet of faith {!P}. x5
You finish putting on your amulet of faith {!P}.
You feel a surge of divine interest.
T - an amulet of faith (around neck) {!P} Unknown command.
You hit the giant cockroach. Your bite misses the giant cockroach.
The giant cockroach bites you but does no damage.
You puncture the giant cockroach!
You kill the giant cockroach!
Lugonu accepts your kill.
No target in view!
No target in view!
An adder comes into view.
An adder is nearby!
An adder is nearby!
An adder is nearby!
The adder hisses angrily.
A ball python comes into view.
You see here 15 gold pieces.
The adder closely misses you.
You barely miss the adder. Your bite misses the adder.
The adder closely misses you.
You hit the adder. Your bite misses the adder. The adder bites you.
The adder bites you but does no damage. 😕 HP[-2]
You take 2 damage, and now have 14/16 hp.
You hit the adder. The adder bites you. The ball python bites you.
The ball python grabs you.
The ball python constricts you. 😮 HP[-3] MP[-1]
You take 3 damage, and now have 11/16 hp.
You lost 1 mp, and now have 3/4 mp.
You closely miss the adder. Your bite misses the adder.
The adder bites you but does no damage. The ball python closely misses you.
The ball python constricts you. 😮 HP[-1]
You take 1 damage, and now have 10/16 hp.
You hit the adder but do no damage. Your bite misses the adder.
The adder bites you.
* * * LOW HITPOINT WARNING * * *
The ball python bites you.
* * * LOW HITPOINT WARNING * * *
The ball python constricts you.
The adder barely misses you. 😨 HP[-4] MP[-2]
You take 4 damage, and now have 6/16 hp.
MASSIVE DAMAGE!! (PAUSE)
You lost 2 mp, and now have 1/4 mp.
You miss the adder. Your bite misses the adder.
The ball python bites you but does no damage.
The ball python constricts you. The adder completely misses you.
You barely miss the adder. Your bite misses the adder.
The ball python bites you but does no damage.
The ball python constricts you. The adder bites you but does no damage.
The ball python bites you but does no damage.
The ball python constricts you.
* * * LOW HITPOINT WARNING * * *
😨 HP[-1]
You take 1 damage, and now have 5/16 hp.
You miss the adder. Your bite misses the adder.
The adder completely misses you. The ball python completely misses you.
The ball python constricts you.
* * * LOW HITPOINT WARNING * * *
😱 HP[-1]
You take 1 damage, and now have 4/16 hp.
You hit the adder.
You kill the adder!
Lugonu accepts your kill. The ball python completely misses you.
The ball python constricts you.
* * * LOW HITPOINT WARNING * * *
Your Fighting skill increases to level 3! 😱 HP[-1]
You take 1 damage, and now have 3/16 hp.
You escape the ball python's grasp.
The ball python bites you.
* * * LOW HITPOINT WARNING * * *
The ball python misses you.
You see here an adder corpse. 😱 HP[-1] MP[-1]
You take 1 damage, and now have 2/16 hp.
You lost 1 mp, and now have 0/4 mp.
You closely miss the ball python. Your bite misses the ball python.
The ball python bites you.
You die...

Skill      XL: |  1  2 |
---------------+-------+-----
Dodging        | 1 |  1.3
Invocations    | 2 |  2.1
Short Blades   | 2 |  2.1
Fighting       | 3 |  3.0
Armour         | |  1.5

Action                   || total
-------------------------++-------
Melee: Short sword       ||    40
       Bite              ||    10
Invok: Depart the Abyss  ||     1
  Use: Scroll            ||     2
Armor: Leather armour    ||    13
Dodge: Dodged            ||    26

Levels and vault maps discovered:
D:1:      tarquinn_simple_flora_water_f, layout_basic, serial_co_window_serial,
          co_window_corner_a, co_window_paths_b, co_window_corner_a,
          co_window_of_opportunity_a, co_window_cross_1, co_window_2corner,
          co_window_2corner, co_window_2corner, co_window_corner_b,
          co_window_2corner, co_window_unsneaky_path_c, glass_columns_a,
          glass_columns_a, glass_columns_a
D:2:      layout_rooms

Notes
Turn   | Place    | Note
-------+----------+-------------------------------------------
     0 | Abyss:1  | spiderkeys the Vine Stalker Abyssal Knight began the quest
                  | for the Orb.
     0 | Abyss:1  | Reached XP level 1. HP: 11/11 MP: 3/3
     0 | Abyss:1  | magus.rc [v1.9.10]
    53 | Abyss:1  | Noticed a small abomination
    53 | Abyss:1  | Noticed a will-o-the-wisp
    60 | Abyss:1  | Noticed a spatial maelstrom
    66 | Abyss:1  | Noticed a spatial vortex
    95 | Abyss:2  | Identified a scroll of acquirement
    95 | Abyss:2  | Acquired 901 gold pieces
   137 | Abyss:2  | Noticed a cacodemon
   137 | Abyss:2  | Noticed a sixfirhy
   140 | D:1      | You pass through the gate.
   140 | D:1      | Escaped the Abyss
   560 | D:1      | Reached skill level 1 in Dodging
   654 | D:1      | Reached skill level 2 in Invocations
   654 | D:1      | Reached XP level 2. HP: 16/16 MP: 4/4
   756 | D:1      | Reached skill level 2 in Short Blades
   989 | D:1      | You pick up a book of Maledictions and begin reading...
   989 | D:1      | You add the spells Ensorcelled Hibernation and Tukima's
                  | Dance to your library.
  1098 | D:2      | Reached * piety under Lugonu
  1148 | D:2      | HP: 4/16 [constriction (1)]
  1150 | D:2      | Reached skill level 3 in Fighting
  1151 | D:2      | Slain by a ball python

Vanquished Creatures
  An adder (D:2)
  A giant cockroach (D:2)
  3 goblins
  2 hobgoblins
  A quokka (D:1)
  A ball python (D:2)
  2 bats (D:1)
  2 rats (D:1)
13 creatures vanquished.

Vanquished Creatures (others)
  2 foxfires (Abyss:1)
2 creatures vanquished.

Grand Total: 15 creatures vanquished

Table legend:
 A = Non-vault XP
 B = Vault XP
 C = Vault XP percentage of total XP
 D = Non-vault monster count
 E = Vault monster count
 F = Vault count percentage of total count
                 A         B        C        D         E       F
            +---------+---------+-------+---------+---------+-------
      Total |      33 |       0 |   0.0 |      13 |       0 |   0.0
            +---------+---------+-------+---------+---------+-------
        D:1 |      12 |       0 |   0.0 |       8 |       0 |   0.0
        D:2 |      21 |       0 |   0.0 |       5 |       0 |   0.0
            +---------+---------+-------+---------+---------+-------

Illustrated notes

Table legend:
 A = Kills in this place as a percentage of kills in entire the game.
 B = Kills by you in this place as a percentage of kills by you in the entire game.
 C = Kills by friends in this place as a percentage of kills by friends in the entire game.
 D = Other kills in this place as a percentage of other kills in the entire game.
 E = Experience gained in this place as a percentage of experience gained in the entire game.
 F = Experience gained in this place divided by the number of levels of this place that you have seen.
                   A       B       C       D       E      F
               +-------+-------+-------+-------+-------+----------------------
         Total | 100.0 | 100.0 |   N/A |   N/A | 100.0 |   8.2
       Dungeon | 100.0 | 100.0 |   N/A |   N/A | 100.0 |  16.5
               +-------+-------+-------+-------+-------+----------------------

Table legend: (Time is in decaauts)
 A = Elapsed time spent in this place.
 B = Non-inter-level travel time spent in this place.
 C = Inter-level travel time spent in this place.
 D = Time resting spent in this place.
 E = Time spent auto-exploring this place.
 F = Levels seen in this place.
 G = Mean time per level.
                   A        B        C        D        E       F      G
               +--------+--------+--------+--------+--------+-----+--------+
         Total |   1149 |   1140 |      9 |      0 |    977 |   4 |  287.2 |
       Dungeon |   1010 |   1001 |      9 |      0 |    908 |   2 |  505.0 |
         Abyss |    139 |    139 |      0 |      0 |     69 |   2 |   69.5 |
               +--------+--------+--------+--------+--------+-----+--------+

Top non-repeatable levels by time:
     D:1: 947 daAuts
 Abyss:2: 70 daAuts
 Abyss:1: 69 daAuts
     D:2: 62 daAuts
